 Dungeon Crawl Stone Soup version 0.28.0 (webtiles) character file.

Game seed: 14934347488636935499

35 PoweredByGinger the Chopper (level 3, 30/30 HPs)
             Began as a Minotaur Gladiator on Feb 15, 2022.
             Quit the game on level 1 of the Dungeon.
             The game lasted 00:01:52 (698 turns).

PoweredByGinger the Chopper (Minotaur Gladiator)     Turns: 698, Time: 00:01:53

Health: 30/30      AC:  3    Str: 18    XL:     3   Next: 17%
Magic:  2/2        EV: 12    Int:  5    God:
Gold:   10         SH:  0    Dex: 13    Spells: 2/2 levels left

rFire   . . .      SeeInvis .   a - +0 war axe
rCold   . . .      Faith    .   (no shield)
rNeg    . . .      Spirit   .   b - +0 leather armour
rPois   .          Reflect  .   c - +0 hat
rElec   .          Harm     .   (no cloak)
rCorr   .          Rampage  .   (no gloves)
Will    .....                   (no boots)
Stlth   +.........              (no amulet)
HPRegen 0.10/turn               (no ring)
MPRegen 0.08/turn               (no ring)

@: no status effects
A: horns 2, retaliatory headbutt
a: no special abilities


You were on level 1 of the Dungeon.
You visited 1 branch of the dungeon, and saw 1 of its levels.

You collected 10 gold pieces.

Inventory:

Hand Weapons
 a - a +0 war axe (weapon)
Missiles
 d - 3 throwing nets (quivered)
 f - 43 arrows
Armour
 b - a +0 leather armour (worn)
 c - a +0 hat (worn)
 g - a +0 ring mail
Jewellery
 i - a ring of poison resistance
Scrolls
 h - a scroll of magic mapping {unknown}
 j - a scroll of teleportation {unknown}
Potions
 e - a potion of haste {unknown}


   Skills:
 - Level 2.4 Fighting
 + Level 5.2 Axes
 - Level 2.0 Throwing
 - Level 3.2 Dodging


You had 2 spell levels left.
You didn't know any spells.
Your spell library was empty.

Dungeon Overview and Level Annotations

Branches:
Dungeon (1/15)

Altars:


Innate Abilities, Weirdness & Mutations

You have a pair of horns on your head.
You reflexively headbutt those who attack you in melee.


Message History

A frilled lizard comes into view.
A frilled lizard and a rat come into view.
Found a hunting sling.
The frilled lizard hisses angrily. x2
You slash the dart slug!
You kill the dart slug!
You have reached level 3!
Your experience leads to an increase in your attributes!
Increase (S)trength, (I)ntelligence, or (D)exterity?
You feel agile. x2
A dart slug comes into view.
Found a stone staircase leading down.
You barely miss the rat. The rat bites you.
You miss the frilled lizard. You closely miss the rat.
The rat barely misses you. You furiously retaliate!
You headbutt the rat.
The frilled lizard bites you but does no damage.
The rat barely misses you.
You hit the rat.
You kill the rat!
You hit the frilled lizard.
You kill the frilled lizard!
The frilled lizard unfolds its giant frill.
The frilled lizard bites you but does no damage.
You slash the frilled lizard!
You kill the frilled lizard!
You see here a dart slug corpse.
The dart slug misses you.
You slash the dart slug!
You kill the dart slug!
No target in view!
No target in view!
No target in view!
No target in view!
No target in view!
Unknown command.
Unknown command.
Unknown command.
Unknown command.
Unknown command.
Are you sure you want to abandon this character and quit the game? (Confirm with "yes".)

#........... #
#...................
#.#..#...)..#.#...##..
##.#..#......#.#...##..
#>.....................
#.........##.#.........
#...#..#..##.#.#...##..
#......................
#.....@†.......#######.
#.#..†.#.#..##.#######.
#..............[.......
....##..#.#..##.########
##. #..#.#..##.# #
#..#.#..##†#
#..#.#.....#
#..#.#.....########
..........+.......


There were no monsters in sight!

Vanquished Creatures
  3 dart slugs (D:1)
  A bat (D:1)
  An endoplasm (D:1)
  2 giant cockroaches (D:1)
  5 goblins (D:1)
  4 hobgoblins (D:1)
  A quokka (D:1)
  A ball python (D:1)
  3 frilled lizards (D:1)
  3 kobolds (D:1)
  3 rats (D:1)
27 creatures vanquished.

Notes
Turn   | Place    | Note
-------+----------+-------------------------------------------
     0 | D:1      | PoweredByGinger the Minotaur Gladiator began the quest for
                  | the Orb.
     0 | D:1      | Reached XP level 1. HP: 18/18 MP: 0/0
    26 | D:1      | Reached skill level 4 in Axes
    57 | D:1      | Reached XP level 2. HP: 18/25 MP: 1/1
   564 | D:1      | Reached skill level 5 in Axes
   690 | D:1      | Reached XP level 3. HP: 30/30 MP: 2/2
   698 | D:1      | Quit the game

Illustrated notes

Levels and vault maps discovered:
D:1:      elethiomel_arrival_fortress_basement, layout_basic,
          shapermc_ecumenical_altar_flowoftime

Skill      XL: |  1  2 |
---------------+-------+-----
Axes           | 4 5 |  5.2
Fighting       | |  2.4
Throwing       | |  2.0
Dodging        | |  3.2

Action                   || total
-------------------------++-------
Melee: War axe           ||    53
       Headbutt          ||     3
Armor: Leather armour    ||    19
Dodge: Dodged            ||    22
